 Dungeon Crawl Stone Soup version 0.29.0-13-gc9e81de378 (webtiles) character file.

Game seed: 978787473866207659

202 Descartes the Shield-Bearer (level 6, 0/48 HPs)
             Began as a Formicid Fighter on Sept 8, 2022.
             Slain by an orc
             ... wielding a +0 dagger
              (2 damage)
             ... on level 4 of the Dungeon.
             The game lasted 00:03:51 (2994 turns).

Descartes the Shield-Bearer (Formicid Fighter)      Turns: 2994, Time: 00:03:52

Health: 0/48       AC:  9    Str: 20 (23) XL:     6   Next: 8%
Magic:  5/7        EV:  4    Int:  5 (7)  God:
Gold:   184        SH:  4    Dex: 10 (13) Spells: 6/6 levels left

rFire   + . .      SeeInvis +   a - +0 war axe
rCold   . . .      Faith    .   c - +0 buckler
rNeg    . . .      Spirit   .   l - +0 chain mail
rPois   .          Reflect  .   (helmet unavailable)
rElec   .          Harm     .   (no cloak)
rCorr   .          Rampage  .   (no gloves)
Will    .....                   (no boots)
Stlth   ..........              (no amulet)
HPRegen 0.16/turn               v - ring of protection from fire
MPRegen 0.10/turn               m - ring of wizardry

@: mighty, lethally poisoned (0 -> -1), attractive, constricted
A: permanent stasis, dig shafts and tunnels, antennae 3, four strong arms
a: Dig, Shaft Self


You were on level 4 of the Dungeon.
You visited 1 branch of the dungeon, and saw 4 of its levels.

You collected 184 gold pieces.

Inventory:

Hand Weapons
 a - a +0 war axe (weapon)
Missiles
 i - 11 stones
 q - 7 poisoned darts
 u - 5 atropa-tipped darts
 B - a boomerang of dispersal
Armour
 b - a +0 scale mail
 c - a +0 buckler (worn)
 l - a +0 chain mail (worn)
Jewellery
 m - a ring of wizardry (right hand)
 v - a ring of protection from fire (left hand)
Wands
 t - a wand of acid (7)
Scrolls
 e - 2 scrolls of teleportation {unknown}
 f - 2 scrolls of blinking {unknown}
 h - a scroll of silence {unknown}
 k - a scroll of brand weapon {unknown}
 n - a scroll of vulnerability {unknown}
 o - 4 scrolls of identify {unknown}
 s - 2 scrolls of amnesia {unknown}
 w - a scroll of summoning {unknown}
 x - a scroll of noise {unknown}
 y - a scroll of magic mapping {unknown}
 A - a scroll of fog {unknown}
Potions
 d - a potion of might
 j - a potion of attraction
 p - a potion of cancellation {unknown}
 r - a potion of flight {unknown}
 z - a potion of lignification {unknown}


   Skills:
 + Level 3.8 Fighting
 + Level 2.7(3.2) Axes
 + Level 1.8(2.5) Maces & Flails
 + Level 1.4(2.3) Polearms
 + Level 3.9 Armour
 + Level 4.8 Shields
 + Level 0.9 Spellcasting
 + Level 1.4 Translocations
 + Level 1.1 Evocations


You had 6 spell levels left.
You didn't know any spells.
Your spell library contained the following spells:

 Spells                   Type           Power      Damage    Failure   Level
 Necrotise                Necr           0%         1d4       91%         1
 Sublimation of Blood     Necr           0%         N/A       97%         2
 Vampiric Draining        Necr           0%         2d6       99%         3
 Petrify                  Tmut/Erth      0%         N/A       100%        4
 Agony                    Necr           0%         N/A       100%        5
 Irradiate                Conj/Tmut      0%         3d11      100%        5


Dungeon Overview and Level Annotations

Branches:
Dungeon (4/15)
 Temple: D:4-7

Altars:
Cheibriados
Qazlal
Sif Muna
Trog


Innate Abilities, Weirdness & Mutations

You cannot be hasted, slowed, berserked, paralysed or teleported.
You can dig through walls and to a lower floor.
You have a pair of large antennae on your head. (SInv)
Your four strong arms can wield two-handed weapons with a shield.


Message History

* * * LOW HITPOINT WARNING * * *
You feel very sick. You block the scorpion's attack.
The orc closely misses you.
The scorpion stings you but does no damage.
Unknown command.
You barely miss the scorpion.
The scorpion is almost dead.
You hit the orc.
* * * LOW HITPOINT WARNING * * *
You feel sick. The orc hits you but does no damage.
The scorpion stings you but does no damage.
The orc closely misses you.
You hit the scorpion.
You kill the scorpion!
You barely miss the orc.
You feel sick.
The orc priest calls upon Beogh to heal the orc.
The orc's wounds heal themselves!
The orc hits you but does no damage. You block the ball python's attack.
The ball python grabs you. The ball python constricts you.
Your Evocations skill increases to level 1!
You have reached level 6!
It was a potion of attraction.
You feel attractive to monsters.
You feel sick. The orc completely misses you.
The ball python bites you but does no damage.
The ball python constricts you.
* * * LOW HITPOINT WARNING * * *
You feel very mighty all of a sudden.
You feel sick. The orc hits you with a +0 dagger.
* * * LOW HITPOINT WARNING * * *
The ball python bites you but does no damage.
The ball python constricts you.
It was a potion of degeneration.
There was something very wrong with that liquid.
You feel weakened.
You feel dopey.
You feel clumsy.
* * * LOW HITPOINT WARNING * * *
You feel sick.
The ball python bites you but does no damage.
The ball python constricts you. The orc hits you with a +0 dagger.
You die...

.# #. .. .## ...
#.# ###+####
###So# .......#
##.@oo# .......#
#..##.# .......#
#.## .. .......#
#.# ## .......#
#.# .......#
####.# .......#
##....#
.......###..####
###+###....##


You could see an orc priest, an orc wizard (invisible), an orc and a ball
python.

Vanquished Creatures
  A scorpion (D:4)
  An orc priest (D:4)
  3 adders
  3 worms
  3 dart slugs
  4 orcs (D:4)
  7 bats
  8 endoplasms
  3 giant cockroaches (D:1)
  A goblin (D:2)
  4 hobgoblins
  10 jackals
  6 kobolds
  3 quokkas
  4 ball pythons
  4 frilled lizards
  3 rats (D:1)
68 creatures vanquished.

Notes
Turn   | Place    | Note
-------+----------+-------------------------------------------
     0 | D:1      | Descartes the Formicid Fighter began the quest for the Orb.
     0 | D:1      | Reached XP level 1. HP: 18/18 MP: 1/1
    67 | D:1      | Found a faded altar of an unknown god.
   223 | D:1      | Reached XP level 2. HP: 24/24 MP: 2/2
   386 | D:1      | Reached XP level 3. HP: 26/29 MP: 3/3
   910 | D:2      | Reached skill level 1 in Maces & Flails
  1204 | D:2      | Reached XP level 4. HP: 21/35 MP: 4/4
  2007 | D:3      | Reached skill level 1 in Polearms
  2027 | D:3      | Found a snail-covered altar of Cheibriados.
  2033 | D:3      | Found a bloodstained altar of Trog.
  2049 | D:3      | Found a shimmering blue altar of Sif Muna.
  2316 | D:3      | Reached skill level 1 in Translocations
  2609 | D:4      | Reached XP level 5. HP: 32/41 MP: 5/5
  2909 | D:4      | Found a stormy altar of Qazlal.
  2992 | D:4      | Reached skill level 1 in Evocations
  2992 | D:4      | Reached XP level 6. HP: 6/48 MP: 5/7
  2994 | D:4      | HP: 2/48 [poisoned by a scorpion]
  2994 | D:4      | Slain by an orc

Illustrated notes

Levels and vault maps discovered:
D:1:      lightli_arrival_maybe_door_vault, layout_rooms,
          ebering_ecumenical_altar_petrified, dk_noncrumbling_3,
          minmay_large_rounded_square, minmay_misc_feat_secret_circle
D:2:      layout_loops_cross, nicolae_hexahallways
D:3:      layout_basic, mainiacjoe_overflow_small_starburst,
          mainiacjoe_overflow_catwalk_spiral, feat_on_display
D:4:      layout_basic, overflow_temple_1_default,
          nemelex_xobeh_ov_fountains_minmay, grunt_qazlal_clouds,
          guppyfry_early_orc_mine

Skill      XL: |  1  2  3  4  5 |
---------------+----------------+-----
Maces & Flails | 1 |  1.8
Polearms       | 1 |  1.4
Translocations | 1 |  1.4
Evocations     | 1 |  1.1
Fighting       | |  3.8
Axes           | |  2.7
Armour         | |  3.9
Shields        | |  4.8
Spellcasting   | |  0.9

Action                   |  1- 3 |  4- 6 || total
-------------------------+-------+-------++-------
Melee: War axe           |    93 |    92 ||   185
  Use: Potion            |       |     3 ||     3
Armor: Scale mail        |    33 |       ||    33
       Chain mail        |    23 |    60 ||    83
Dodge: Dodged            |    43 |    34 ||    77
Block: Buckler           |    29 |    26 ||    55
